Map: Dragon Scales LE

Players

CrazyJZ - Winner!

  • Race: Zerg Zerg
  • League: Platinum
  • Spawn Location: 11:00

crackheadTed

  • Race: Terran Terran
  • League: Platinum
  • Spawn Location: 5:00

VOD

Have the link to the VOD?

Description

ZvT Something New

Time

  • Played on: May 25, 2023, 2:40 p.m.
  • Length: 5:27
Show
View Real Time Build Order
Export as new Build Order

CrazyJZ Zerg - Winner!

Build Orders: Pool Only 

Get SALT Encoding   

  12  0:00  Drone  
  13  0:18  Extractor  
  12  0:27  Spawning Pool  
  11  0:37  Drone  
  11  0:39  Drone  
  13  0:56  Drone  
  14  0:57  Overlord  
  14  1:16  Zergling x4  
  16  1:20  Queen  
  16  1:21  Zergling x2  
  19  1:41  Metabolic Boost  
  19  1:43  Zergling x4  
  21  1:57  Lair  
  21  2:02  Overlord  
  21  2:22  Zergling x4  
  19  2:45  Zergling x8  
  22  3:03  Zergling x2  
  22  3:04  Nydus Network  
  22  3:10  Zergling x2  
  23  3:15  Zergling x6  
  26  3:31  Zergling x4  
  28  3:39  Overlord  
  28  3:48  Nydus Canal  
  28  3:53  Zergling x4  
  21  4:22  Zergling x4  
  21  4:23  Zergling x8  
  24  4:42  Nydus Canal  
  24  4:50  Zergling x4  
  25  4:57  Zergling x6  
Show
View Real Time Build Order
Export as new Build Order

crackheadTed Terran 

Build Orders:  

Get SALT Encoding   

  12  0:00  SCV  
  13  0:12  SCV  
  14  0:17  Supply Depot  
  14  0:24  SCV  
  15  0:39  SCV  
  15  0:40  Barracks  
  16  0:45  Refinery  
  16  0:51  SCV  
  17  1:03  SCV  
  18  1:15  SCV  
  19  1:27  SCV  
  19  1:32  Command Center  
  20  1:45  Factory  
  20  1:46  SCV  
  21  1:49  Refinery  
  21  1:52  Marine  
  22  1:58  SCV  
  23  2:10  SCV  
  23  2:22  Supply Depot  
  23  2:40  Marine  
  22  2:49  SCV  
  22  2:59  SCV  
  23  3:06  SCV  
  23  3:11  SCV  
  25  3:19  SCV  
  26  3:23  SCV  
  27  3:28  Factory Reactor, Starport  
  27  3:34  SCV  
  27  3:35  SCV  
  29  3:46  SCV  
  29  3:47  SCV  
  31  3:56  Marine  
  31  3:58  SCV  
  8  4:24  Hellion x2  
  8  4:25  Marine  
  10  4:45  SCV  
  10  4:56  Marine  
Tags
 
Add a new tag
Caveats
  • Supply blocks, unpowered buildings, or Contaminate may cause inaccurate times.
  • Supply counts are checked every 10 seconds.